[Event "Live Chess"]
[Site "Chess.com"]
[Date "2023.05.21"]
[Round "-"]
[White "YrrriKharkiv"]
[Black "Geomorph"]
[Result "1-0"]
[WhiteElo "2043"]
[BlackElo "1272"]
[TimeControl "300"]
[EndTime "23:45:41 PDT"]
[Termination "YrrriKharkiv won by resignation"]

1. d4 d5 2. Nf3 Nf6 3. c4 c6 4.
Nc3 Bf5 5. cxd5 cxd5 6. Qb3 e6 7. Qxb7 Nbd7 8. e3 Be7 9. Qb3 O-O 10. Qd1 Rb8 11. Bd3 Bg6 12. Bxg6 hxg6 13. O-O Kh7 14. Ng5+ Kh6 15. e4 Qb6 16. Nxe6+ Kh7 17. Nxf8+ Rxf8 18. e5 Nh5 19. g4 Ng3 20. hxg3 Rh8 21. Nxd5 Qe6 22.
Qf3 Kg8 23. Kg2 Bd8 24. Nf4 Qb6 25. Be3 Qxb2 26. Rab1 Qxa2 27. Rb7 Qa4 28. Qd5 1-0

[Event "Live Chess"]
[Site "Chess.com"]
[Date "2023.05.21"]
[Round "-"]
[White "ProfPoisson"]
[Black "Conradical12"]
[Result "1-0"]
[WhiteElo "1179"]
[BlackElo "1580"]
[TimeControl "300"]
[EndTime "23:45:42 PDT"]
[Termination "ProfPoisson won by checkmate"]

1. e4 e5 2. Nf3 Nc6 3. d4 exd4 4. Bc4 Nf6 5. e5 Ng4 6. Nxd4 d5 7. Nxc6 bxc6 8. Be2 Qh4 9. g3 Qh3 10. Be3 Nxe3 11.
fxe3 g6 12. Bf1 Qe6 13. Nc3 Qxe5 14. Qe2 Bb4 15. Qd3 Ba6 16. Qxa6 Bxc3+ 17. bxc3 Qxc3+ 18. Kf2 O-O 19. Bg2 Rfe8 20. Rhe1 d4 21. e4 Qxc2+ 22. Kg1 d3 23. Rec1 Qe2 24. Re1 Qh5 25. Qxd3 Rad8 26. Qf3 Qc5+ 27. Kh1 Qa5 28. a4 Rd2 29. Red1 Rb8 30.
Rxd2 Qxd2 31. Rf1 f5 32. exf5 Rb2 33. fxg6 Kg7 34. Qf6+ Kh6 35. gxh7+ Kxh7 36. Be4+ Kg8 37. Qf7+ Kh8 38. Qh7# 1-0

[Event "Live Chess"]
[Site "Chess.com"]
[Date "2023.05.21"]
[Round "-"]
[White "Hacker_2009"]
[Black "tpm07"]
[Result "1/2-1/2"]
[WhiteElo "1936"]
[BlackElo "1924"]
[TimeControl "300"]
[EndTime "23:45:43 PDT"]
[Termination "Game drawn by repetition"]

1. d4 Nf6 2. Nf3 d5 3. e3 g6 4. c4 Bg7 5. Nc3 O-O 6. Be2 dxc4 7. Bxc4 c5 8. O-O cxd4 9. Nxd4 Qc7 10. b3 Rd8 11. Qe2 a6 12. Bb2 b5 13. Bd3 Bb7 14. Rac1 Qd7 15. Rfd1 Nc6 16. Nxc6 Qxc6 17. Ne4 Qe8 18.
Nxf6+ Bxf6 19. Bxf6 exf6 20. Qb2 Qe5 21. Qxe5 fxe5 22.
Be2 Kf8 23. Bf3 Bxf3 24. gxf3 Rxd1+ 25. Rxd1 Ke7 26. Rd5 f6 27. Rc5 Rd8 28. Rc7+ Rd7 29. Rc6 Rd6 30. Rc7+ Rd7 31. Rc6 Rd6 32. Rc7+ Rd7 1/2-1/2

[Event "Live Chess"]
[Site "Chess.com"]
[Date "2023.05.21"]
[Round "-"]
[White "smoggyrabbit"]
[Black "Doge_Dandolo"]
[Result "1-0"]
[WhiteElo "1734"]
[BlackElo "1897"]
[TimeControl "300"]
[EndTime "23:46:00 PDT"]
[Termination "smoggyrabbit won by checkmate"]

1. d4 d5 2. Nf3 Nf6 3. e3 Bg4 4.
Nbd2 c6 5. h3 Bh5 6. g4 Bg6 7. Ne5 Nbd7 8. h4 Nxe5 9. dxe5 Ne4 10. Nxe4 Bxe4 11. f3 Bg6 12. h5 Qc7 13. hxg6 fxg6 14. f4 e6 15. Bd3 O-O-O 16. Bxg6 Bc5 17. Bd3 g5 18. Bd2 Qf7 19. Qf3 d4 20. f5 dxe3 21.
Bxe3 Bb4+ 22. Bd2 Bc5 23. O-O-O Kb8 24. Bc4 Rd4 25. Bxe6 Qc7 26. Bxg5 Qa5 27. Rxd4 Bxd4 28. Bf6 Qb5 29. Bb3 Re8 30. Rxh7 a5 31. Rd7 a4 32.
Rxd4 axb3 33. axb3 Qa5 34. e6 c5 35. Rd7 Qb5 36. Be5+ Ka8 37. Qd3 Qc6 38. Rd6 Qh1+ 39.
Kd2 Qg2+ 40. Kc3 b5 41. Qxb5 Qf3+ 42. Rd3 Qe4 43. Qa6# 1-0

[Event "Live Chess"]
[Site "Chess.com"]
[Date "2023.05.21"]
[Round "-"]
[White "BillythekidFellowes"]
[Black "nigelst"]
[Result "1-0"]
[WhiteElo "2023"]
[BlackElo "1708"]
[TimeControl "300"]
[EndTime "23:46:18 PDT"]
[Termination "BillythekidFellowes won on time"]

1. e4 c6 2. Nc3 d5 3. d4 dxe4 4.
Nxe4 Nf6 5. Nxf6+ exf6 6. Be3 Bd6 7.
Bd3 O-O 8. h4 Re8 9. Qd2 Bf4 10.
O-O-O Bxe3 11. fxe3 Be6 12. b3 Qe7 13. Kb2 a5 14. Nf3 Na6 15. e4 a4 16. e5 axb3 17. axb3 fxe5 18. dxe5 Nc5 19. Ra1 Nxd3+ 20. Qxd3 Bd5 21.
Rxa8 Rxa8 22. Re1 Qa3+ 23. Kc3 Bxf3 24. gxf3 Qa5+ 25. b4 Qa3+ 26. Kc4 Qa6+ 27. Kc3 Qa3+ 28. Kc4 b5+ 29. Kc5 Qa7+ 30. Kxc6 Rc8+ 31. Kxb5 Rb8+ 32. Kc4 Qa2+ 33. Qb3 Qa6+ 34. b5 Qe6+ 35. Kb4 Qe7+ 36. Kc3 Rc8+ 37. Kb2 Qxh4 38. b6 Qxe1 39. b7 Rb8 40.
Qb5 Qe3 41. Qc6 Qxe5+ 42. c3 Qe2+ 43. Kb3 Qd1+ 44. Ka3 Qc1+ 45. Ka4 Qa1+ 46. Kb5 Qb2+ 47. Ka6 Qa3+ 48. Kb6 Qb3+ 49. Kc7 Qxb7+ 50. Qxb7 Rxb7+ 51. Kxb7 h5 52. c4 h4 53. c5 h3 54. c6 h2 55.
c7 h1=Q 56. c8=Q+ Kh7 57. Qc2+ g6 58. Qc3 Qd1 59. Qf6 1-0

[Event "Live Chess"]
[Site "Chess.com"]
[Date "2023.05.21"]
[Round "-"]
[White "Biranidun"]
[Black "Jo1ts"]
[Result "1-0"]
[WhiteElo "2563"]
[BlackElo "839"]
[TimeControl "300"]
[EndTime "23:46:18 PDT"]
[Termination "Biranidun won by resignation"]

1. e4 d5 2. exd5 Qxd5 3. Nc3 Qd8 4. d4 Nf6 5. Nf3 Bg4 6. h3 Bh5 7. g4 Bg6 8. Ne5 Be4 9. Nxe4 Nxe4 10. Qf3 Nd6 11.
Bg2 c6 12. Bf4 f6 13. O-O-O Nd7 14. Qb3 Rc8 15. Nd3 Nb5 16. Nc5 b6 17. Ne6 1-0

[Event "Live Chess"]
[Site "Chess.com"]
[Date "2023.05.21"]
[Round "-"]
[White "Supertromp"]
[Black "jbooth"]
[Result "1-0"]
[WhiteElo "2132"]
[BlackElo "1694"]
[TimeControl "300"]
[EndTime "23:46:20 PDT"]
[Termination "Supertromp won by resignation"]

1. e4 d6 2. d4 Nf6 3. Nc3 Nbd7 4. f4 e5 5. Nf3 exd4 6. Qxd4 Be7 7. e5 dxe5 8. fxe5 Ng8 9. Bc4 c6 10. Qf4 f6 11. O-O Nb6 12. Bb3 Nd5 13. Nxd5 cxd5 14. Rd1 Be6 15. Nd4 Qb6 16. Be3 fxe5 17. Qxe5 Kd7 18. Nxe6 Qxe6 19. Rxd5+ 1-0

[Event "Live Chess"]
[Site "Chess.com"]
[Date "2023.05.21"]
[Round "-"]
[White "Alan_Richardson"]
[Black "WelshTiger"]
[Result "0-1"]
[WhiteElo "1694"]
[BlackElo "2356"]
[TimeControl "300"]
[EndTime "23:46:26 PDT"]
[Termination "WelshTiger won on time"]

1. d4 d5 2. Nf3 Nf6 3. Bf4 e6 4. e3 Bd6 5. Nbd2 Bxf4 6. exf4 c5 7.
c3 cxd4 8. Nxd4 Nc6 9. N2f3 Qd6 10. g3 O-O 11. Bd3 Ne4 12. Qe2 f5 13. O-O-O Bd7 14. h4 Rac8 15. Kb1 Nxd4 16. Nxd4 a6 17. Rdg1 b5 18.
f3 Nc5 19. Bc2 Rb8 20. g4 b4 21. c4 fxg4 22. fxg4 Rxf4 23. Nf3 Rxc4 24. Ne5 Re4 25. Bxe4 dxe4 26. Nxd7 Qxd7 27. g5 Qd4 28. h5 Nd3 29.
Rd1 Rf8 30. Rh2 e5 31. h6 g6 32. Rg2 Rf3 33. Qc2 Qd5 34. Qc8+ Rf8 35. Qc7 Qf7 36. Qd6 Qf3 37. Qd7 Qf7 38. Qd6 Nf4 39. Rgd2 Nd3 40. Qxa6 Qe7 41. Qc4+ Kh8 42. Qxe4 Nc5 0-1

[Event "Live Chess"]
[Site "Chess.com"]
[Date "2023.05.21"]
[Round "-"]
[White "hturner40"]
[Black "Pandreq"]
[Result "1-0"]
[WhiteElo "1787"]
[BlackElo "1251"]
[TimeControl "300"]
[EndTime "23:46:46 PDT"]
[Termination "hturner40 won by resignation"]

1. Nf3 Nf6 2. g3 g6 3. Bg2 d5 4.
O-O Bg7 5. d4 b6 6. c4 c6 7.
cxd5 cxd5 8. Ne5 O-O 9. Nc3 Bb7 10. Bg5 e6 11. Rc1 Nbd7 12. Nb5 Rc8 13. Nd6 Rc7 14.
Qa4 h6 15. Bf4 g5 16. Nexf7 Rxf7 17. Nxf7 Kxf7 18. Bxc7 Qe8 19. Qxa7 1-0

[Event "Live Chess"]
[Site "Chess.com"]
[Date "2023.05.21"]
[Round "-"]
[White "JoeRoot66"]
[Black "f4nomore"]
[Result "1-0"]
[WhiteElo "1924"]
[BlackElo "1433"]
[TimeControl "300"]
[EndTime "23:47:11 PDT"]
[Termination "JoeRoot66 won by resignation"]

1. e4 g6 2. d4 Bg7 3. Bc4 e6 4. Nf3 Ne7 5. h4 h5 6. Bd3 d5 7. e5 b6 8. Bg5 O-O 9. Qd2 c5 10.
c3 c4 11. Bc2 Qe8 12. Bf6 Nf5 13. Bxf5 exf5 14. Qg5 Nd7 15. Bxg7 Kxg7 16. O-O f6 17.
exf6+ Nxf6 18. Re1 Ne4 19. Qf4 Qf7 20. Ne5 Qf6 21.
f3 Nd6 22. Nd2 Bb7 23. Nd7 Qf7 24. Qxd6 Rfe8 25. Re5 Rxe5 26. Nxe5 Qf6 27. Qd7+ Kh6 28. Nf7+ Kg7 29. Ng5+ Kg8 30. Qxb7 Re8 31. Qxd5+ Kg7 32.
Kf2 Re7 33. Re1 Rxe1 34. Kxe1 1-0

[Event "Live Chess"]
[Site "Chess.com"]
[Date "2023.05.21"]
[Round "-"]
[White "KeithArkell"]
[Black "Shepherds_Pie"]
[Result "1-0"]
[WhiteElo "2555"]
[BlackElo "1923"]
[TimeControl "300"]
[EndTime "23:47:12 PDT"]
[Termination "KeithArkell won by checkmate"]

1. d4 d5 2. Nf3 Nf6 3. c4 c5 4. cxd5 cxd4 5. Qxd4 Qxd5 6. Nc3 Qxd4 7. Nxd4 a6 8. g3 Nc6 9. Nxc6 bxc6 10. Bg2 Bd7 11.
Be3 e5 12. O-O Be7 13. Na4 Rb8 14. b3 O-O 15. Bc5 Rfe8 16. Bxe7 Rxe7 17. Rac1 Nd5 18. Nc5 Bc8 19. Rfd1 Nb4 20. Rd8+ Re8 21. Rxe8# 1-0

[Event "Live Chess"]
[Site "Chess.com"]
[Date "2023.05.21"]
[Round "-"]
[White "Conradical12"]
[Black "YrrriKharkiv"]
[Result "0-1"]
[WhiteElo "1579"]
[BlackElo "2045"]
[TimeControl "300"]
[EndTime "23:47:22 PDT"]
[Termination "YrrriKharkiv won by resignation"]

1. e4 e6 2. Nf3 d5 3. exd5 exd5 4. d4 Bd6 5. c4 c6 6. Nc3 Ne7 7. Be3 Nd7 8. Bd3 O-O 9. Bxh7+ Kxh7 10. Ng5+ Kg8 11.
Qh5 Nf6 12. Qh4 Nf5 0-1

[Event "Live Chess"]
[Site "Chess.com"]
[Date "2023.05.21"]
[Round "-"]
[White "Driftboard"]
[Black "minenko-1958"]
[Result "1/2-1/2"]
[WhiteElo "772"]
[BlackElo "1446"]
[TimeControl "300"]
[EndTime "23:47:32 PDT"]
[Termination "Game drawn by repetition"]

1. e4 e5 2. Nf3 Nc6 3. Nc3 a6 4. Bc4 Bc5 5. O-O h6 6. d3 Nf6 7. Re1 d6 8. Be3 Bxe3 9. Rxe3 Na5 10. b3 Nxc4 11. bxc4 c6 12. d4 exd4 13. Nxd4 O-O 14. Na4 Re8 15. c5 Qa5 16. Nb6 Rb8 17. Nxc8 Rbxc8 18. cxd6 Rcd8 19. e5 Rxe5 20. Rxe5 Qxe5 21. Nf3 Qxd6 22. Qxd6 Rxd6 23. Kf1 Ng4 24. Ke2 Re6+ 25. Kd3 b5 26. Kd4 Nxf2 27. Kc5 Ng4 28. Kb6 b4 29. Kxa6 c5+ 30. Kb5 Ne3 31. Re1 Nxc2 32. Rxe6 fxe6 33.
Kxc5 g5 34. Kc4 Kf7 35. Kd3 Na3 36. Ne5+ Kf6 37. Ng4+ Kg6 38. g3 h5 39. Ne5+ Kf5 40.
Nc6 e5 41. Nxb4 e4+ 42. Ke3 Nc4+ 43. Kf2 e3+ 44. Kf3 g4+ 45. Ke2 Ke4 46. Nc2 Ne5 47. a4 Nc4 48. a5 Nxa5 49. Nxe3 Nb3 50. Nf1 Nd4+ 51. Kf2 Nf3 52. Kg2 Ne1+ 53. Kf2 Nf3 54. Kg2 Ne1+ 55. Kh1 Nf3 56. h3 gxh3 57. Nh2 Nd2 58.
g4 hxg4 59. Nxg4 Kf3 60. Ne5+ Kg3 61. Kg1 h2+ 62. Kh1 Ne4 63. Nd3 Kh3 64. Nf4+ Kg3 65. Ne2+ Kh3 66. Nf4+ Kg3 67. Ne2+ Kh3 68. Nf4+ 1/2-1/2

[Event "Live Chess"]
[Site "Chess.com"]
[Date "2023.05.21"]
[Round "-"]
[White "Stanbad1"]
[Black "seasidecastle27"]
[Result "1-0"]
[WhiteElo "2402"]
[BlackElo "1776"]
[TimeControl "300"]
[EndTime "23:47:41 PDT"]
[Termination "Stanbad1 won by resignation"]

1. d4 d6 2. Nc3 Nf6 3. e4 g6 4. f3 Bg7 5. Be3 c6 6. Qd2 b5 7. O-O-O b4 8. Nce2 a5 9. Bh6 Bxh6 10. Qxh6 Qb6 11.
Nh3 a4 12. e5 dxe5 13. dxe5 Nd5 14. Nd4 b3 15. axb3 axb3 16. Nxb3 Be6 17. Ng5 Qe3+ 18. Kb1 Nd7 19. Nxf7 Qa7 20. Nxh8 Qa2+ 21. Kc1 Nb4 22. Qxh7 Bxb3 23. Qxg6+ Kd8 24. cxb3 Qa1+ 25. Qb1 Qa5 26. Nf7+ Ke8 27. e6 Ne5 28. Bc4 Na2+ 29. Kc2 Nb4+ 30. Kc1 Na2+ 31. Qxa2 Qxa2 32. Nxe5 Qa5 33.
f4 Qc5 34. Rhe1 Ra1+ 35. Kc2 Rxd1 36. Rxd1 Qf2+ 37. Rd2 Qxf4 38. Nf7 Qf5+ 39. Kc1 Qf1+ 40. Bxf1 1-0

[Event "Live Chess"]
[Site "Chess.com"]
[Date "2023.05.21"]
[Round "-"]
[White "Doge_Dandolo"]
[Black "Biranidun"]
[Result "0-1"]
[WhiteElo "1897"]
[BlackElo "2563"]
[TimeControl "300"]
[EndTime "23:47:51 PDT"]
[Termination "Biranidun won by resignation"]

1. Nf3 Nf6 2. c4 g6 3. Nc3 Bg7 4. e4 d6 5. d4 O-O 6. Be2 e5 7.
dxe5 dxe5 8. Qxd8 Rxd8 9. Bg5 c6 10. Nxe5 Re8 11. O-O-O Na6 12. Nd3 Nxe4 13. Nxe4 Rxe4 14. Bf3 Rxc4+ 15. Kb1 Bf5 16. g4 Bxg4 17. Bxg4 Rxg4 18.
Be7 Re8 19. Ba3 Rd4 20. Kc2 Re2+ 21. Kc3 Rb4+ 0-1

[Event "Live Chess"]
[Site "Chess.com"]
[Date "2023.05.21"]
[Round "-"]
[White "CroasArRheun"]
[Black "rmethornhill"]
[Result "1-0"]
[WhiteElo "1826"]
[BlackElo "1182"]
[TimeControl "300"]
[EndTime "23:47:54 PDT"]
[Termination "CroasArRheun won by resignation"]

1. d4 Nf6 2. c4 e6 3. Nc3 Bb4 4.
e3 d5 5. Bd2 dxc4 6. Bxc4 O-O 7. a3 Bxc3 8. Bxc3 Ne4 9. Bb4 Re8 10. Qc2 Nd6 11. Bd3 h6 12. Nf3 Nc6 13. Bc3 a6 14. O-O Nb5 15. Bd2 Bd7 16. Rac1 Nd6 17. Rfe1 Ne7 18.
Qxc7 Qxc7 19. Rxc7 Bc6 20. Bb4 Rad8 21. e4 Rd7 22.
Rxd7 1-0

[Event "Live Chess"]
[Site "Chess.com"]
[Date "2023.05.21"]
[Round "-"]
[White "Ian-Morley"]
[Black "mirandaasilva"]
[Result "0-1"]
[WhiteElo "1004"]
[BlackElo "1630"]
[TimeControl "300"]
[EndTime "23:47:56 PDT"]
[Termination "mirandaasilva won by resignation"]

1. e4 c6 2. d4 d5 3. f3 dxe4 4.
fxe4 e5 5. Ne2 Qh4+ 6. g3 Qxe4 7. dxe5 Qxh1 8. Bf4 Bh3 9. Kd2 Qxf1 10. Qxf1 Bxf1 11.
Nec3 Na6 12. Na3 O-O-O+ 13. Ke3 Bc5+ 14. Kf3 Bh3 15. Ne4 Bxa3 16. bxa3 Be6 17. Nd6+ Kb8 18. Nxf7 Bxf7 19. e6+ Kc8 20. exf7 Nf6 21. Re1 Rhf8 22. Re8 Nxe8 23. fxe8=Q Rdxe8 0-1

[Event "Live Chess"]
[Site "Chess.com"]
[Date "2023.05.21"]
[Round "-"]
[White "Supertromp"]
[Black "BillythekidFellowes"]
[Result "1-0"]
[WhiteElo "2138"]
[BlackElo "2017"]
[TimeControl "300"]
[EndTime "23:48:01 PDT"]
[Termination "Supertromp won by resignation"]

1. e4 Nc6 2. Nf3 Nf6 3. e5 Nd5 4. d4 Nb6 5. d5 Nb8 6. Nc3 e6 7.
a4 a5 8. d6 cxd6 9. exd6 Nc6 10. Nb5 Nd5 11. c4 Bxd6 12. Nxd6+ Ke7 13. cxd5 Kxd6 14.
dxc6+ Kxc6 1-0

[Event "Live Chess"]
[Site "Chess.com"]
[Date "2023.05.21"]
[Round "-"]
[White "Nazar_777"]
[Black "Goblinbasher"]
[Result "1-0"]
[WhiteElo "1602"]
[BlackElo "1234"]
[TimeControl "300"]
[EndTime "23:48:04 PDT"]
[Termination "Nazar_777 won by resignation"]

1. e3 e5 2. h4 d5 3. a3 f5 4.
c4 Nf6 5. cxd5 Nxd5 6. Nc3 Nxc3 7. bxc3 Nc6 8. Be2 Be6 9. Qc2 a6 10. Bb2 Be7 11. Rc1 O-O 12. Nf3 Bd6 13. Ng5 Qf6 14.
g4 h6 15. Nxe6 Qxe6 16. c4 fxg4 17. c5 Be7 18. Bc4 Qxc4 19. Qxc4+ Kh8 20. Qxg4 Rf7 21. Rg1 Raf8 22. Qg6 Bf6 23. f4 Ne7 24. Qg2 Ng6 25. h5 Ne7 26. Bxe5 Bxe5 27. fxe5 Nf5 28. e6 Re7 29. Qg6 Nh4 30. Qg4 Nf3+ 31. Ke2 Nxg1+ 32. Rxg1 Rfe8 33. d4 c6 34. Kd3 Rg8 35. e4 Rd8 36.
Kc4 b5+ 37. Kb4 a5+ 38. Kxa5 Ra8+ 39. Kb6 Rb8+ 40. Kxc6 Rc8+ 41. Kxb5 Rb7+ 42. Kc4 Re7 43. d5 Rec7 44. c6 1-0

[Event "Live Chess"]
[Site "Chess.com"]
[Date "2023.05.21"]
[Round "-"]
[White "CeladonFish"]
[Black "martynstanley"]
[Result "1-0"]
[WhiteElo "1080"]
[BlackElo "989"]
[TimeControl "300"]
[EndTime "23:48:05 PDT"]
[Termination "CeladonFish won by checkmate"]

1. d4 e6 2. c4 d5 3. Nc3 c5 4.
cxd5 exd5 5. dxc5 Bxc5 6. Nf3 Qb6 7. e3 d4 8. Qa4+ Bd7 9. Nd5 Bxa4 10. Nxb6 axb6 11. exd4 Bb4+ 12. Bd2 Bxd2+ 13. Nxd2 Ne7 14. Nc4 b5 15. Nb6 Ra6 16. Nxa4 Rxa4 17. b3 Rxd4 18. g3 O-O 19. Bg2 Rfd8 20. O-O b6 21. Rfe1 Ng6 22. Re2 f6 23. Rae1 Ne5 24. f4 Nf7 25. Re8+ Rxe8 26. Rxe8# 1-0

[Event "Live Chess"]
[Site "Chess.com"]
[Date "2023.05.21"]
[Round "-"]
[White "amazinggoalkeeper"]
[Black "elephantgerrald"]
[Result "0-1"]
[WhiteElo "507"]
[BlackElo "613"]
[TimeControl "300"]
[EndTime "23:48:16 PDT"]
[Termination "elephantgerrald won by checkmate"]

1. e4 e5 2. Nf3 Nf6 3. Nc3 Nc6 4. Qe2 Bb4 5. g3 Bxc3 6. dxc3 O-O 7. Bg2 d6 8. O-O Bg4 9. h3 Bxf3 10. Bxf3 Qd7 11.
Bg4 Nxg4 12. Qxg4 Qxg4 13. hxg4 Rad8 14. f3 d5 15. exd5 Rxd5 16. Kg2 f6 17. c4 Rdd8 18.
b3 Nd4 19. Rf2 f5 20. c3 Nc6 21. b4 fxg4 22. b5 gxf3+ 23. Rxf3 Rxf3 24. Kxf3 Ne7 25. Bg5 Rd3+ 26. Ke4 Rxc3 27. Bxe7 Rxc4+ 28. Kxe5 Kf7 29. Bg5 Rc5+ 30. Kd4 Rxg5 31. Rf1+ Kg6 32. Rf4 Rxg3 33. a4 Kg5 34. Rf7 Rg4+ 35. Kc5 Rxa4 36. Rxc7 b6+ 37. Kc6 Rc4+ 38. Kb7 Rxc7+ 39. Kxc7 h5 40. Kb7 h4 41.
Kxa7 h3 42. Kxb6 h2 43. Kc7 h1=Q 44. b6 Qc1+ 45. Kd6 Qf4+ 46. Kc6 Qc4+ 47. Kd7 Kf6 48. b7 Qe6+ 49. Kc7 Qe8 50. b8=Q Qxb8+ 51. Kxb8 g5 52. Kc7 g4 53. Kd6 g3 54. Kd5 g2 55. Kd4 g1=Q+ 56.
Ke4 Qg2+ 57. Kd4 Qf3 58. Kc4 Qe3 59. Kd5 Kf5 60. Kd6 Qe5+ 61. Kc6 Ke6 62. Kb6 Qd5 63. Kc7 Qd6+ 64. Kc8 Qd7+ 65. Kb8 Kd6 66. Ka8 Kc6 67.
Kb8 Qb7# 0-1

[Event "Live Chess"]
[Site "Chess.com"]
[Date "2023.05.21"]
[Round "-"]
[White "Mugzwang"]
[Black "Singapourfeuj"]
[Result "0-1"]
[WhiteElo "1561"]
[BlackElo "2213"]
[TimeControl "300"]
[EndTime "23:48:51 PDT"]
[Termination "Singapourfeuj won by checkmate"]

1. Nf3 Nf6 2. d4 g6 3. g3 Bg7 4.
Bg2 O-O 5. O-O d5 6. c4 Nbd7 7.
cxd5 Nxd5 8. e4 N5b6 9. Be3 e5 10.
d5 h6 11. Nc3 f5 12. exf5 gxf5 13. d6 c6 14. Qc1 Qf6 15. Rd1 Nc4 16. Na4 Nxe3 17. Qxe3 Kh8 18. Nc5 e4 19. Nd4 Nxc5 20.
Ne2 Nd3 21. Nf4 Bd7 22. Nxd3 exd3 23. Qxd3 Rae8 24. Rab1 f4 25. Qb3 fxg3 26. fxg3 Qf2+ 27. Kh1 Re2 28. Rg1 Bh3 29. Rbf1 Bxg2+ 30. Rxg2 Qxg2# 0-1

[Event "Live Chess"]
[Site "Chess.com"]
[Date "2023.05.21"]
[Round "-"]
[White "YichenLFC"]
[Black "chessfiction"]
[Result "0-1"]
[WhiteElo "978"]
[BlackElo "2347"]
[TimeControl "300"]
[EndTime "23:49:25 PDT"]
[Termination "chessfiction won by checkmate"]

1. e4 d5 2. exd5 c6 3. dxc6 e5 4. cxb7 Bxb7 5. Nc3 Bc5 6. Nf3 Nf6 7. Bc4 O-O 8. O-O e4 9. Ng5 Nc6 10. Ngxe4 Bb6 11.
b3 Ne5 12. Nxf6+ Qxf6 13. Be2 Qg6 14. g3 Qc6 15. Bf3 Nxf3+ 16. Kg2 Ne1+ 17. Kh3 Qg2+ 18. Kg4 f5+ 19. Kf4 Bc7+ 20. Ke3 Rfe8+ 21. Kd4 Bb6+ 22. Kc4 Qc6+ 23. Kb4 Qc5+ 24. Ka4 Qa5# 0-1

[Event "Live Chess"]
[Site "Chess.com"]
[Date "2023.05.21"]
[Round "-"]
[White "profpirate4"]
[Black "Long1968"]
[Result "1-0"]
[WhiteElo "1260"]
[BlackElo "1009"]
[TimeControl "300"]
[EndTime "23:49:36 PDT"]
[Termination "profpirate4 won on time"]

1. d4 e6 2. c4 d5 3. Nc3 Nf6 4.
cxd5 exd5 5. e3 c5 6. Bd3 cxd4 7. exd4 Nc6 8. Be3 Bb4 9. Nf3 O-O 10. O-O Re8 11. Re1 Bg4 12. h3 Bh5 13. g4 Bg6 14.
Bxg6 fxg6 15. Qb3 Ne4 16. Rec1 Qe7 17. Nxd5 Na5 18. Nxe7+ Kf8 19. Qxb4 Rxe7 20. Qxa5 Rae8 21. Ne5 Nd6 22. Rc7 b6 23. Qd5 Rxc7 24. Qxd6+ Rce7 25. Nd7+ Kf7 26. Bg5 Re6 27. Qf4+ Kg8 28. d5 Re4 29. Qc7 1-0

[Event "Live Chess"]
[Site "Chess.com"]
[Date "2023.05.21"]
[Round "-"]
[White "Ferrarifan27"]
[Black "Crowded_House"]
[Result "1-0"]
[WhiteElo "2057"]
[BlackElo "1682"]
[TimeControl "300"]
[EndTime "23:49:50 PDT"]
[Termination "Ferrarifan27 won on time"]

1. e4 e6 2. d4 d5 3. Nc3 Bb4 4. e5 c5 5. a3 Bxc3+ 6. bxc3 Qa5 7. Bd2 Qc7 8. Qg4 Ne7 9. Qxg7 Rg8 10. Qxh7 cxd4 11. cxd4 Nbc6 12. c3 Bd7 13. Nf3 Rf8 14. Bd3 O-O-O 15. Ng5 Rh8 16. Qxf7 Rdf8 17. Qg7 Rhg8 18.
Qh6 Rh8 19. Nh7 Rf7 20. O-O Nf5 21. Bxf5 exf5 22. e6 Rfxh7 23. exd7+ Qxd7 24. Qf4 Rxh2 25. Qxh2 Rxh2 26. Kxh2 Qh7+ 27. Kg1 Qh5 28. Rfe1 Kc7 29. Bf4+ Kb6 30. Rab1+ Ka6 31. Re6 Qg4 32. g3 Qf3 33.
Re3 Qg4 34. Kg2 Na5 35. Re6+ Nc6 36. f3 Qg8 37. Rd6 Qe8 38. Kf2 Qh8 39. Rxd5 Qh2+ 40. Ke3 Qc2 41. Rd1 Qxd1 42. Rxf5 Qc2 43. Rc5 Qc1+ 44.
Ke4 Qxa3 45. g4 Qa1 46. g5 Qb1+ 47. Kd5 Qf5+ 48. Be5 Ne7+ 49. Kc4 Qe6+ 50. Kb4 Qb6+ 51. Ka3 Nc6 52. Rc4 Nxe5 53. dxe5 Qe6 54. Ra4+ Kb6 55.
Rb4+ Kc7 56. f4 Qf5 57. Rc4+ Kd7 58. Kb4 Qb1+ 59. Kc5 1-0

[Event "Live Chess"]
[Site "Chess.com"]
[Date "2023.05.21"]
[Round "-"]
[White "GiacoPietro"]
[Black "hturner40"]
[Result "0-1"]
[WhiteElo "627"]
[BlackElo "1787"]
[TimeControl "300"]
[EndTime "23:50:00 PDT"]
[Termination "hturner40 won by resignation"]

1. g3 Nf6 2. Bg2 g6 3. c3 Bg7 4. d4 d5 5. Nf3 O-O 6. O-O c5 7.
e3 cxd4 8. cxd4 Nc6 9. Nc3 Bf5 10. a3 Rc8 11. b4 Nxb4 12. axb4 Rxc3 13. Bd2 Bc2 14.
Qe2 Bd3 0-1

[Event "Live Chess"]
[Site "Chess.com"]
[Date "2023.05.21"]
[Round "-"]
[White "YrrriKharkiv"]
[Black "CeladonFish"]
[Result "1-0"]
[WhiteElo "2045"]
[BlackElo "1080"]
[TimeControl "300"]
[EndTime "23:50:46 PDT"]
[Termination "YrrriKharkiv won by resignation"]

1. e4 d6 2. d4 Nf6 3. Nf3 Nxe4 4. Bd3 Nf6 5. O-O g6 6. Re1 Bg7 7. Qe2 O-O 8. Qxe7 Re8 9. Qxd8 Rxd8 10. Nc3 Nc6 11.
Nb5 Rd7 12. Bg5 a6 13. Na3 b5 14. c3 Bb7 15. Nc2 a5 16. Bxb5 h6 17. Bxf6 Bxf6 18.
d5 1-0

[Event "Live Chess"]
[Site "Chess.com"]
[Date "2023.05.21"]
[Round "-"]
[White "raminguy"]
[Black "Nazarenko_vital"]
[Result "0-1"]
[WhiteElo "1934"]
[BlackElo "1636"]
[TimeControl "300"]
[EndTime "23:51:16 PDT"]
[Termination "Nazarenko_vital won on time"]

1. d4 Nf6 2. Nc3 e6 3. e4 c5 4. d5 d6 5. Nf3 h6 6. Bb5+ Bd7 7. dxe6 Bxb5 8. exf7+ Kxf7 9. Nxb5 a6 10. Nc3 Be7 11. O-O Rf8 12. e5 dxe5 13. Nxe5+ Kg8 14. Ng6 Qxd1 15.
Rxd1 Re8 16. Bf4 Nc6 17. Nxe7+ Nxe7 18. Bd6 c4 19. Re1 Kf7 20. Re2 Nc6 21. Rae1 Rxe2 22. Rxe2 Re8 23. Rxe8 Nxe8 24. Bc5 Ke6 25. Kf1 Nf6 26.
f3 Nd7 27. Bf2 Nb4 28. Bd4 Nf6 29. Ne4 Nxc2 30. Bxf6 gxf6 31. Nc5+ Kd5 32. Nxb7 Ne3+ 33. Kf2 Nd1+ 34. Ke2 Nxb2 35. Kd2 Nd3 36. Nd8 h5 37. g3 Ne5 38. Ke3 c3 39. Nb7 c2 40. Kd2 Nxf3+ 41. Kxc2 Nxh2 42. Kd3 Nf1 43. Ke2 Nxg3+ 44. Kf3 Ne4 45. Na5 Nc3 46. a3 f5 47. Nb3 Ne4 48.
Nc1 h4 49. Ne2 Ke5 50. Ng1 Ng5+ 51. Kf2 f4 52. Ne2 h3 53. Nc1 Ke4 54. Nb3 f3 55. Nc5+ Kd4 56. Nxa6 h2 57. Nb4 h1=Q 58. Nc2+ Ke4 59.
Ne1 Qh2+ 60. Kf1 Qe2+ 61. Kg1 Nh3+ 0-1

[Event "Live Chess"]
[Site "Chess.com"]
[Date "2023.05.21"]
[Round "-"]
[White "MJMykh"]
[Black "toxic_rabbit"]
[Result "0-1"]
[WhiteElo "966"]
[BlackElo "2000"]
[TimeControl "300"]
[EndTime "23:51:22 PDT"]
[Termination "toxic_rabbit won by checkmate"]

1. e4 e6 2. d4 d5 3. e5 c5 4. Nf3 Nc6 5. dxc5 Bxc5 6. Nc3 d4 7. Ne4 Bb6 8. Bb5 Bc7 9. Bxc6+ bxc6 10. O-O Ne7 11.
c3 dxc3 12. Qxd8+ Bxd8 13. Nxc3 O-O 14. Bg5 Nd5 15. Bxd8 Rxd8 16. Nxd5 cxd5 17. a3 Ba6 18. Rfd1 Rac8 19. Rac1 Rxc1 20. Rxc1 d4 21. Rd1 d3 22. Ne1 Kf8 23. h3 Ke7 24. Kh2 f6 25. exf6+ gxf6 26. Kg3 e5 27. Kf3 f5 28. g3 e4+ 29. Kf4 Kf6 30. g4 fxg4 31. hxg4 Re8 32. g5+ Kg6 33. f3 e3 34. Kg3 d2 35. Nc2 Be2 36. Rh1 d1=Q 37.
Rxd1 Bxd1 38. Ne1 e2 39. Kf2 Kxg5 40. Kg3 h5 41. Kh3 Kf4 42. Kg2 Rg8+ 43. Kf2 h4 44.
Ng2+ Rxg2+ 45. Kxg2 e1=Q 46. Kh3 Qg3# 0-1

[Event "Live Chess"]
[Site "Chess.com"]
[Date "2023.05.21"]
[Round "-"]
[White "f4nomore"]
[Black "Shepherds_Pie"]
[Result "0-1"]
[WhiteElo "1432"]
[BlackElo "1924"]
[TimeControl "300"]
[EndTime "23:51:23 PDT"]
[Termination "Shepherds_Pie won by resignation"]

1. d4 Nf6 2. Bg5 Ne4 3. Bh4 d5 4. Nd2 c5 5. Nxe4 dxe4 6. dxc5 Qa5+ 7. c3 Qxc5 8. Qa4+ Bd7 9. Qxe4 Nc6 10. O-O-O O-O-O 11. e3 g6 12. Nf3 Bg7 13. Bg3 Bf5 14. Qf4 e5 15. Rxd8+ Rxd8 16. Qh4 Qd5 17. Be2 Qxa2 0-1